 Dungeon Crawl Stone Soup version 0.30-a0-476-g330ca2eb8e (webtiles) character file.

Game seed: 14850503666776210671

44 oldriver the Cutter (level 3, -4/33 HPs)
             Began as a Naga Warper on Dec 22, 2022.
             Slain by an iguana (14 damage)
             ... on level 4 of the Dungeon.
             The game lasted 00:01:57 (1339 turns).

oldriver the Cutter (Naga Warper)                   Turns: 1339, Time: 00:01:58

Health: -4/33      AC:  2    Str: 13    XL:     3   Next: 62%
Magic:  6/6        EV:  9    Int: 13    God:
Gold:   17         SH:  0    Dex: 12    Spells: 6/6 levels left

rFire   . . .      SeeInvis +    i - +0 dagger (venom)
rCold   . . .      Faith    .    (no shield)
rNeg    . . .      Spirit   .    b - +0 leather armour
rPois   +          Reflect  .    (no helmet)
rElec   .          Harm     .    (no cloak)
rCorr   .          Rampage  .    (no gloves)
Will    .....                    (no barding)
Stlth   ++........               (no amulet)
HPRegen 0.25/turn                (no ring)
MPRegen 0.10/turn                (no ring)

@: very slow
A: AC +1, large, see invisible, deformed body, poison resistance, slowness 2,
spit poison 1, naga tail 1
a: Spit Poison


You were on level 4 of the Dungeon.
You visited 1 branch of the dungeon, and saw 3 of its levels.

You collected 17 gold pieces.

Inventory:

Hand Weapons
 i - a +0 dagger of venom (weapon)
Missiles
 d - 7 boomerangs of dispersal
Armour
 b - a +0 leather armour (worn)
Jewellery
 h - a ring of wizardry
Scrolls
 a - a scroll of silence {unknown}
 c - 3 scrolls of blinking
 e - 2 scrolls of fear {unknown}
 g - 3 scrolls of identify {unknown}
 k - a scroll of fog {unknown}
Potions
 f - a potion of curing {unknown}
 j - a potion of berserk rage {unknown}


   Skills:
 + Level 2.6 Fighting
 * Level 3.1 Short Blades
 - Level 0.8 Throwing
 - Level 0.7 Armour
 - Level 1.5 Dodging
 + Level 2.1 Stealth
 - Level 2.0 Spellcasting
 - Level 3.0 Translocations


You had 6 spell levels left.
You didn't know any spells.
Your spell library contained the following spells:

 Spells                   Type           Power      Damage    Failure   Level
 Blink                    Tloc           18%        N/A       14%         2
 Lesser Beckoning         Tloc           18%        N/A       28%         3
 Teleport Other           Tloc           9%         N/A       28%         3
 Sandblast                Erth           2%         2d4       32%         1
 Passwall                 Tmut/Erth      0%         N/A       43%         2
 Vhi's Electric Charge    Tloc/Air       10%        N/A       45%         3
 Stone Arrow              Conj/Erth      2%         3d7       67%         3
 Manifold Assault         Tloc           9%         N/A       67%         4


Dungeon Overview and Level Annotations

Branches:
Dungeon (2/15)

Altars:
Elyvilon


Innate Abilities, Weirdness & Mutations

Your serpentine skin is tough. (AC +1)
You have supernaturally acute eyesight. (SInv)
Armour fits poorly on your strangely shaped body.
Your system is resistant to poisons. (rPois)
You cover ground very slowly.
You can spit poison.
You have a snake-like lower body.


Message History

g - 2 scrolls labelled GASMIOKHORGH (gained 1)
j - a viscous coppery potion
k - a scroll labelled DALUCE HUAFUS
g - 3 scrolls labelled GASMIOKHORGH (gained 1)
A hobgoblin comes into view.
The splash of poison hits the hobgoblin.
The hobgoblin is moderately wounded.
The hobgoblin shouts!
You hear a shout!
You hear an angry hiss.
The hobgoblin throws a stone.
The stone closely misses you. The hobgoblin hits you.
You have got your breath back.
The hobgoblin hits you.
You barely miss the hobgoblin.
The hobgoblin is moderately wounded.
An iguana comes into view.
The hobgoblin hits you.
You barely miss the hobgoblin.
The hobgoblin is moderately wounded.
The hobgoblin closely misses you.
You closely miss the hobgoblin.
The hobgoblin is moderately wounded.
You closely miss the hobgoblin.
The hobgoblin is moderately wounded.
The hobgoblin hits you but does no damage.
You closely miss the hobgoblin.
The hobgoblin is moderately wounded.
The hobgoblin hits you.
You closely miss the hobgoblin.
The hobgoblin is moderately wounded.
The hobgoblin completely misses you.
You hit the hobgoblin.
You kill the hobgoblin!
The iguana bites you!
An orc comes into view. It is wielding a +0 hand axe.
Things that are here:
2 stones; a red potion; a hobgoblin corpse The orc shouts!
You hit the iguana but do no damage.
The iguana is poisoned.
The iguana bites you!
You die...

.. o..## ##.#. ...... ..
... ...##.#### ......l..#
#......@.##############
>.........##.....#.....##
..##......#.............#
.........................
.........................
.........................
........[................
.........#...............
.......#.##.............#


You could see an iguana (very poisoned) and an orc.

Vanquished Creatures
  An adder (D:2)
  An orc (D:4)
  2 ball pythons
  3 endoplasms
  A giant cockroach (D:2)
  A goblin (D:1)
  5 hobgoblins
  3 kobolds
  2 quokkas (D:2)
  5 bats
  2 frilled lizards (D:1)
  5 rats
31 creatures vanquished.

Notes
Turn   | Place    | Note
-------+----------+-------------------------------------------
     0 | D:1      | oldriver the Naga Warper began the quest for the Orb.
     0 | D:1      | Reached XP level 1. HP: 19/19 MP: 3/3
   191 | D:1      | Reached skill level 1 in Stealth
   247 | D:1      | Reached XP level 2. HP: 26/26 MP: 5/5
   782 | D:2      | Reached XP level 3. HP: 28/33 MP: 6/6
   822 | D:2      | Found a white marble altar of Elyvilon.
  1105 | D:2      | You fall into a shaft and drop 2 floors!
  1339 | D:4      | Slain by an iguana

Illustrated notes

Levels and vault maps discovered:
D:1:      wander_arrival_chamber, layout_basic
D:2:      layout_rooms, basic_altar, nicolae_ecumenical_snake_handling,
          serial_shops, nicolae_shop_advertising_works
          [nicolae_subvault_shop_adworks], uniq_robin, uniq_sigmund
D:4:      layout_rooms

Skill      XL: |  1  2  3 |
---------------+----------+-----
Stealth        | 1 2 |  2.1
Short Blades   | 3 |  3.1
Fighting       | |  2.6
Throwing       | |  0.8
Armour         | |  0.7
Dodging        | |  1.5
Spellcasting   | |  2.0
Translocations | |  3.0

Action                   || total
-------------------------++-------
Melee: Short sword       ||    41
       Dagger            ||    24
       Punch             ||     1
 Abil: Spit Poison       ||    32
Armor: Leather armour    ||    27
Dodge: Dodged            ||    55

Table legend: (Time is in decaauts)
 A = Elapsed time spent in this place.
 B = Non-inter-level travel time spent in this place.
 C = Inter-level travel time spent in this place.
 D = Time resting spent in this place.
 E = Time spent auto-exploring this place.
 F = Levels seen in this place.
 G = Mean time per level.
                   A        B        C        D        E       F      G
               +--------+--------+--------+--------+--------+-----+--------+
         Total |   1651 |   1644 |      7 |    224 |   1079 |   3 |  550.3 |
       Dungeon |   1651 |   1644 |      7 |    224 |   1079 |   3 |  550.3 |
               +--------+--------+--------+--------+--------+-----+--------+

Top non-repeatable levels by time:
     D:1: 936 daAuts
     D:2: 457 daAuts
     D:4: 257 daAuts
